 Dungeon Crawl Stone Soup version 0.22.1-1-ga44c0e5 (webtiles) character file.

1582 Heatsaber the Skirmisher (level 8, -5/44 HPs)
             Began as a Vine Stalker Fighter on Sept 26, 2018.
             Slain by a steam dragon (7 damage)
             ... on level 5 of the Dungeon.
             The game lasted 00:19:39 (4059 turns).

Heatsaber the Skirmisher (Vine Stalker Fighter)     Turns: 4059, Time: 00:19:39

Health: -5/44      AC:  9    Str: 19    XL:     8   Next: 91%
Magic:  0/9        EV:  7    Int: 10    God:
Gold:   268        SH: 11    Dex: 14    Spells: 7/7 levels left

rFire    . . .     SeeInvis .   a - +0 rapier
rCold    . . .     Gourm    .   c - +1 shield
rNeg     . . .     Faith    .   b - +0 scale mail
rPois    .         Spirit   +   (no helmet)
rElec    .         Reflect  .   u - +0 cloak
rCorr    +         Harm     .   w - +0 pair of gloves
MR       +....                  (no boots)
Stlth    ..........             i - amulet of magic regeneration
HPRegen  0.54/turn              l - ring of resist corrosion
MPRegen  0.36/turn              (no ring)

@: no status effects
A: fangs 3, regeneration 1, magic shield, antimagic bite, no potion heal 3, rot
immunity
a: no special abilities


You were on level 5 of the Dungeon.
You were hungry.

You visited 1 branch of the dungeon, and saw 5 of its levels.

You collected 268 gold pieces.

Inventory:

Hand Weapons
 a - a +0 rapier (weapon)
Missiles
 C - 2 throwing nets (quivered)
Armour
 b - a +0 scale mail (worn)
 c - a +1 shield (worn)
 u - a +0 cloak (worn)
 w - a +0 pair of gloves (worn)
Jewellery
 i - an amulet of magic regeneration (around neck)
 l - a ring of resist corrosion (left hand)
Wands
 k - a wand of paralysis (11)
 n - a wand of random effects (36)
 D - a wand of clouds (2)
Scrolls
 e - 7 scrolls of teleportation
 g - 2 scrolls of magic mapping
 h - 4 scrolls of amnesia
 y - a scroll of noise {unknown}
Potions
 d - a potion of might
 m - 3 potions of flight
 o - a potion of degeneration {unknown}
 p - a potion of magic {unknown}
 q - a potion of brilliance {unknown}
 r - 4 potions of curing {unknown}
 s - a potion of berserk rage {unknown}
 v - a potion of haste
 x - a potion of ambrosia {unknown}
 z - 3 potions of heal wounds {unknown}
 A - 2 potions of agility {unknown}
Comestibles
 f - 13 rations


   Skills:
 + Level 5.6 Fighting
 + Level 5.2 Short Blades
 + Level 5.1 Armour
 + Level 5.6 Shields


You had 7 spell levels left.
You didn't know any spells.
Your spell library was empty.

Dungeon Overview and Level Annotations

Branches:
Dungeon (5/15)
 Temple: D:4-7

Altars:
Dithmenos
Gozag
Nemelex Xobeh
Qazlal
Uskayaw
Wu Jian
Xom
The Shining One


Innate Abilities, Weirdness & Mutations

You have razor-sharp teeth.
Your natural rate of healing is unusually fast.
When hurt, damage is shared between your health and your magic reserves.
Your bite disrupts and absorbs the magic of your enemies.
Potions cannot restore your health.
You are immune to rotting.


Message History

The steam dragon breathes steam at you. The ball of steam hits you!
* * * LOW HITPOINT WARNING * * *
The steam dragon bites you but does no damage.
The steam dragon barely misses you.
Unknown command.
As you read the scroll labeled XUCKUC DIOPP, it crumbles to dust.
It is a scroll of enchant armour.
Your +0 shield glows green for a moment.
You are engulfed in a cloud of scalding steam.
The steam dragon breathes steam at you. The ball of steam hits you!
* * * LOW HITPOINT WARNING * * *
Unknown command.
Unknown command.
As you read the scroll labeled CAVIGO JADD, it crumbles to dust.
You feel blessed for a moment.
It was a scroll of remove curse.
The fungus is engulfed in a cloud of scalding steam.
The steam dragon bites you!
You die...

.................#
#......#'##
.......###.##.#.##
##.....#... ########
#.##.#<# #.....#### #.##<#.#
#.....'... #.####.# ###
#.....##.. ###
#......###P≈###...####.#
≈.### ########P≈.P.^#...#
#..
≈^≈P#######P.≈§§PP.§..^##..#
#..
≈..≈≈PP.......§§@D§§....#..#
#..
.........≈.P≈P§P≈D≈.....#..#
#..
P≈.P≈≈.P#########≈....P.#..#
#.. P######## #≈P≈.≈##..#
#.# ############# #P≈.###..#
#.# ............# ######..#
#.# )...........#
#####......# #.#
............#
###...#.##.#'####.#
............#
#.....#.##......#..


You could see 2 steam dragons.

Vanquished Creatures
  Pikel (D:5)
  Sigmund (D:2)
  An ice beast (D:5)
  A sky beast (D:5)
  3 ogres
  A scorpion (D:3)
  A water moccasin zombie (D:5)
  A howler monkey (D:4)
  A centaur zombie (D:5)
  A hound (D:4)
  Crazy Yiuf (D:2)
  An iguana (D:4)
  2 worker ants (D:4)
  Natasha (twice) (D:2)
  7 gnolls
  4 adders
  A shadow imp (D:5)
  A worm (D:2)
  2 dart slugs (D:1)
  2 leopard geckos
  8 orcs
  A ball python (D:2)
  6 giant cockroaches
  A hobgoblin (D:3)
  9 jackals
  11 kobolds
  3 quokkas
  6 bats
  2 frilled lizards (D:2)
  4 goblins
  4 rats
90 creatures vanquished.

Vanquished Creatures (others)
  A shadow imp (D:5)
1 creature vanquished.

Grand Total: 91 creatures vanquished

Notes
Turn   | Place    | Note
-------+----------+-------------------------------------------
     0 | D:1      | Heatsaber the Vine Stalker Fighter began the quest for the
                  | Orb.
     0 | D:1      | Reached XP level 1. HP: 11/11 MP: 2/2
    28 | D:1      | Reached XP level 2. HP: 10/16 MP: 3/3
   357 | D:1      | Reached XP level 3. HP: 18/20 MP: 4/4
   821 | D:2      | Noticed Natasha
   832 | D:2      | Killed Natasha
   832 | D:2      | Gained mutation: Your natural rate of healing is unusually
                  | fast. [Vine Stalker growth]
   832 | D:2      | Reached XP level 4. HP: 17/24 MP: 3/5
   898 | D:2      | Found a shadowy altar of Dithmenos.
   950 | D:2      | Noticed Sigmund
  1044 | D:2      | Killed Sigmund
  1044 | D:2      | Reached XP level 5. HP: 13/29 MP: 6/6
  1044 | D:2      | Reached XP level 6. HP: 15/33 MP: 7/7
  1261 | D:2      | Noticed Natasha
  1271 | D:2      | Killed Natasha
  1290 | D:2      | Found a stormy altar of Qazlal.
  1567 | D:2      | Found a runed door.
  1689 | D:2      | Noticed Crazy Yiuf
  1694 | D:2      | Killed Crazy Yiuf
  1896 | D:3      | Reached XP level 7. HP: 24/37 MP: 5/8
  2017 | D:3      | Found a sparkling altar of Nemelex Xobeh.
  2572 | D:3      | You fall through a shaft!
  2894 | D:4      | Found a shimmering altar of Xom.
  2895 | D:4      | Found a shimmering altar of Xom.
  2896 | D:4      | Found a shimmering altar of Xom.
  2896 | D:4      | Found a shimmering altar of Xom.
  2899 | D:4      | Found a shimmering altar of Xom.
  2899 | D:4      | Found a shimmering altar of Xom.
  2974 | D:4      | Found an ornate altar of the Wu Jian Council.
  3150 | D:5      | Entered Level 5 of the Dungeon
  3162 | D:5      | Gained mutation: You have razor-sharp teeth. [Vine Stalker
                  | growth]
  3162 | D:5      | Reached XP level 8. HP: 41/42 MP: 9/9
  3253 | D:5      | Found a glowing golden altar of the Shining One.
  3261 | D:5      | Reached skill level 5 in Fighting
  3290 | D:5      | Reached skill level 5 in Shields
  3436 | D:5      | Noticed Pikel
  3551 | D:5      | Killed Pikel
  3551 | D:5      | Reached skill level 5 in Short Blades
  3551 | D:5      | Reached skill level 5 in Armour
  3656 | D:5      | Found a hide-covered altar of Uskayaw.
  3938 | D:5      | Found an opulent altar of Gozag.
  4058 | D:5      | HP: 2/44 [steam dragon/ball of steam (3)]
  4059 | D:5      | Slain by a steam dragon

Skill      XL: |  1  2  3  4  5  6  7  8 |
---------------+-------------------------+-----
Short Blades   | 2 3 4 5 |  5.2
Fighting       | 3 4 5 |  5.6
Shields        | 3 4 5 |  5.6
Armour         | 3 4 5 |  5.1

Action                   |  1- 3 |  4- 6 |  7- 9 || total
-------------------------+-------+-------+-------++-------
Melee: Rapier            |   105 |   113 |   214 ||   432
       Bite              |    39 |    32 |    67 ||   138
Evoke: Wand              |       |     2 |     4 ||     6
  Use: Scroll            |       |       |     7 ||     7
  Eat: Chunk             |       |     4 |     6 ||    10
Armor: Scale mail        |    32 |    44 |   112 ||   188
Dodge: Dodged            |    25 |    28 |    60 ||   113
Block: Shield            |    38 |    59 |   124 ||   221
